 Dungeon Crawl Stone Soup version 0.18-b1-10-g3f7de93 (webtiles) character file.

14 dvd the Sneak (level 2, -2/13 HPs)
             Began as a Spriggan Enchanter on Apr 29, 2016.
             Slain by a dart slug (3 damage)
             ... on level 1 of the Dungeon.
             The game lasted 00:01:35 (626 turns).

dvd the Sneak (Spriggan Enchanter)                   Turns: 626, Time: 00:01:35

Health: -2/13      AC:  3    Str:  4    XL:     2   Next: 31%
Magic:  0/7        EV: 18    Int: 16    God:
Gold:   54         SH:  0    Dex: 16    Spells: 2 memorised, 4 levels left

rFire  . . .     SeeInvis +     a - +1 dagger
rCold  . . .     Gourm    .     b - +1 robe
rNeg   . . .     Faith    .     (shield restricted)
rPois  .         Spirit   .     (helmet restricted)
rElec  .         Dismiss  .     (no cloak)
rCorr  .         Reflect  .     (gloves unavailable)
SustAt .         Harm     .     (boots unavailable)
MR     .....                    (no amulet)
Stlth  +++.......               (no ring)
                                (no ring)

@: very quick, not resistant to hostile enchantments, fairly stealthy
A: unfitting armour, see invisible, herbivore 3, speed 3, slow metabolism 2
a: no special abilities


You were on level 1 of the Dungeon.
You were not hungry.

You visited 1 branch of the dungeon, and saw 1 of its levels.

You collected 54 gold pieces.

Inventory:

Hand Weapons
 a - a +1 dagger (weapon)
Armour
 b - a +1 robe (worn)
Scrolls
 e - 2 scrolls of identify {unknown}
 g - 2 scrolls of remove curse {unknown}
 j - a scroll of teleportation {unknown}
Potions
 f - a potion of brilliance {unknown}
 h - a potion of degeneration {unknown}
 i - a potion of curing {unknown}
Books
 c - a book of Maledictions

   Spells                             Type                      Level
   a - Corona                         Hexes                        1
   b - Ensorcelled Hibernation        Hexes/Ice                    2
   c - Confuse                        Hexes                        3
   d - Tukima's Dance                 Hexes                        3
   e - Dazzling Spray                 Conjuration/Hexes            3
Comestibles
 d - 2 bread rations


   Skills:
 + Level 1.1 Short Blades
 + Level 3.1 Dodging
 + Level 4.6 Stealth
 + Level 3.0 Spellcasting
 + Level 4.1 Hexes


You had 4 spell levels left.
You knew the following spells:

 Your Spells              Type           Power        Failure   Level  Hunger
a - Corona                Hex            ###....      4%          1    #......
b - Ensorcelled Hibernat  Hex/Ice        #.....       14%         2    ##.....


Dungeon Overview and Level Annotations

Branches:
Dungeon (1/15)

Altars:


Innate Abilities, Weirdness & Mutations

You are tiny and cannot use many weapons and most armour.
You have supernaturally acute eyesight.
You are a herbivore.
You cover ground extremely quickly.
You need consume almost no food.


Message History

Casting: Ensorcelled Hibernation
Confirm with . or Enter, or press ? or * to list all spells.
Aiming: Corona
Press: ? - help, Shift-Dir - straight line, f/p - dart slug
Aim: a dart slug (severely wounded, clinging, chance to defeat MR: 84%)
The dart slug is outlined in light.
You hit the dart slug but do no damage.
The dart slug is severely wounded.
The dart slug closely misses you.
You completely miss the dart slug.
The dart slug is severely wounded.
The dart slug launches a dart at you. The slug dart hits you!
* * * LOW HITPOINT WARNING * * *
You hit the dart slug.
The dart slug is almost dead.
You hit the dart slug.
The dart slug is almost dead.
The dart slug bites you.
You die...

#....# #....# #....#
#....### #....... #+
#########+#.### #.
#......##.#....
######.###......##.#..##
.......@['......'.(#....
......w###......#..##.#.
....... #.....)#..##.##
....... #......#).....[
....... #...........#..
....... #..............
....... #######....#...
....... .......#.###.##
.......#.###.##


You could see a dart slug.

Vanquished Creatures
  A giant gecko (D:1)
  A ball python (D:1)
  A bat (D:1)
  3 giant cockroaches (D:1)
  A goblin (D:1)
  2 hobgoblins (D:1)
  A giant newt (D:1)
  A rat (D:1)
11 creatures vanquished.

Notes
Turn   | Place    | Note
--------------------------------------------------------------
     0 | D:1      | dvd the Spriggan Enchanter began the quest for the Orb.
     0 | D:1      | Reached XP level 1. HP: 9/9 MP: 5/5
   137 | D:1      | Reached XP level 2. HP: 9/13 MP: 5/7
   158 | D:1      | Learned a level 2 spell: Ensorcelled Hibernation
   626 | D:1      | Slain by a dart slug

Skill      XL: |  1 |
---------------+----+-----
Spellcasting   | 3 |  3.0
Hexes          | 4 |  4.1
Short Blades   | |  1.1
Dodging        | |  3.1
Stealth        | |  4.6

Action                   || total
-------------------------++-------
Melee: Dagger            ||    22
 Cast: Corona            ||     4
       Ensorcelled Hiber ||     4
 Stab: Sleeping          ||     8
Armor: Robe              ||     2
Dodge: Dodged            ||     7
